 Dungeon Crawl Stone Soup version 0.24-a0-280-g7cec4da (webtiles) character file.

Game seed: 6026500618678293186

1626 Jabob the Arsonist (level 8, 0/58 HPs)
             Began as a Green Draconian Fire Elementalist on May 10, 2019.
             Slain by a centaur (2 damage)
             ... on level 7 of the Dungeon on May 15, 2019.
             The game lasted 00:20:32 (7184 turns).

Jabob the Arsonist (DrFE)                           Turns: 7184, Time: 00:20:33

Health: 0/58       AC:  8    Str: 10    XL:     8   Next: 65%
Magic:  11/11      EV: 12    Int: 18    God:
Gold:   475        SH:  0    Dex: 12    Spells: 5/11 levels left

rFire    + . .     SeeInvis .   p - +2 dagger (freeze)
rCold    . . .     Gourm    .   (no shield)
rNeg     . . .     Faith    .   (armour unavailable)
rPois    +         Spirit   .   (helmet restricted)
rElec    .         Reflect  .   j - +0 cloak
rCorr    .         Harm     .   (no gloves)
MR       .....                  o - +0 pair of boots
Stlth    +++.......             (no amulet)
HPRegen  0.19/turn              c - ring of protection from fire
MPRegen  0.12/turn              C - ring of stealth

@: lightly drained
A: breathe noxious fumes, unfitting armour, poison resistance, cold-blooded, AC
+6
a: Breathe Noxious Fumes


You were on level 7 of the Dungeon.
You were hungry.

You visited 1 branch of the dungeon, and saw 7 of its levels.

You collected 475 gold pieces.

Inventory:

Hand Weapons
 d - a +0 hunting sling
 p - a +2 dagger of freezing (weapon)
 y - the +0 hand axe of Makhleb's Indignation {antimagic, rC+++ Str-3 Dex+5 Stlth-}
   (You found it on level 4 of the Dungeon)

   It reduces the magical energy of the wielder, and disrupts the spells and
   magical abilities of those hit.
   Natural abilities and divine invocations are not affected.
   It affects your strength (-3).
   It affects your dexterity (+5).
   It renders you almost immune to cold.
   It makes you less stealthy.
Missiles
 n - 76 sling bullets
Armour
 j - a +0 cloak (worn)
 o - a +0 pair of boots (worn)
Jewellery
 c - a ring of protection from fire (left hand)
 C - a ring of stealth (right hand)
Wands
 a - a wand of digging (4)
 u - a wand of paralysis (18)
 x - a wand of polymorph (13)
 D - a wand of iceblast (7)
Scrolls
 h - a scroll of remove curse
 l - 5 scrolls of teleportation {unknown}
 m - 2 scrolls of noise {unknown}
 q - a scroll of enchant armour {unknown}
 r - 2 scrolls of amnesia {unknown}
 s - 3 scrolls of enchant weapon {unknown}
 t - 4 scrolls of identify
 F - a scroll of fear {unknown}
 H - a scroll of magic mapping {unknown}
Potions
 e - 2 potions of haste
 f - a potion of heal wounds
 g - a potion of invisibility
 i - 2 potions of flight {unknown}
 k - 2 potions of ambrosia {unknown}
 v - 2 potions of agility {unknown}
 w - a potion of curing
 z - a potion of degeneration {unknown}
 A - a potion of magic {unknown}
 B - a potion of mutation {unknown}
 E - a potion of berserk rage {unknown}
Comestibles
 b - 10 rations


   Skills:
 - Level 0.5(0.4) Fighting
 - Level 0.3(0.2) Short Blades
 - Level 1.7(1.6) Dodging
 - Level 1.7(1.6) Stealth
 - Level 2.0(1.9) Spellcasting
 + Level 7.8(7.6) Conjurations
 + Level 8.3(8.2) Fire Magic


You had 5 spell levels left.
You knew the following spells:

 Your Spells              Type           Power        Failure   Level  Hunger
a - Flame Tongue          Conj/Fire      ####.        1%          1    #......
b - Throw Flame           Conj/Fire      ####..       1%          2    ###....
c - Conjure Flame         Conj/Fire      ####....     1%          3    ###....

Your spell library contained the following spells:

 Spells                   Type           Power        Failure   Level  Hunger
 Sticky Flame             Conj/Fire      ####....     7%          4    #####..
 Inner Flame              Hex/Fire       ###.....     10%         3    ###....
 Fireball                 Conj/Fire      ####......   19%         5    ######.


Dungeon Overview and Level Annotations

Branches:
Dungeon (7/15)             Temple (0/1) D:4

Altars:
Gozag
Okawaru
Trog

Annotations:
D:5 1 runed translucent door, Gunnerkreig's ghost, amateur OpWz


Innate Abilities, Weirdness & Mutations

You can breathe blasts of noxious fumes.
Your lurid green scales are hard. (AC +6)
You cannot fit into any form of body armour.
Your system is resistant to poisons. (rPois)
You are cold-blooded and may be slowed by cold attacks.


Message History

The black bear completely misses you. The black bear closely misses you.
The black bear claws you.
* * * LOW HITPOINT WARNING * * *
You hit the centaur. You freeze the centaur. You tail-slap the centaur.
The centaur is almost dead.
The centaur misses you. The centaur hits you.
* * * LOW HITPOINT WARNING * * *
The black bear closely misses you. x2
The black bear claws you but does no damage.
You barely miss the centaur.
The centaur is almost dead.
The centaur hits you but does no damage.
The black bear bites you!
* * * LOW HITPOINT WARNING * * *
The black bear barely misses you. The black bear claws you.
* * * LOW HITPOINT WARNING * * *
You hit the centaur. You freeze the centaur.
The centaur is almost dead.
The centaur hits you.
You die...

.# #.. ##'## #.. ##...##
#..#### ##.....## #.....
##.......## #.#.##
#.........###....#######
+(........'.............
#((.<...h.####...#######
##..(((@c## ##h##
##.(...## #(# ##(..##
#(# ##(## #.# #######(#
#.# ........####### #.#
#######.......# #.#
#...####.###.# #.....
#......#


You could see a black bear and a centaur.

Vanquished Creatures
  Menkaure (D:5)
  An orc warrior (D:6)
  An ice beast (D:6)
  An ogre (D:6)
  2 centaurs (D:5)
  3 bullfrogs
  3 crimson imps
  3 orc priests
  A quasit (D:6)
  3 orc wizards
  A gnoll shaman (D:7)
  Jessica (D:3)
  Natasha (D:4)
  9 worker ants
  2 hound zombies
  A worker ant zombie (D:6)
  8 gnolls
  7 adders
  An ooze (D:1)
  An adder skeleton (D:4)
  2 worms
  3 dart slugs
  7 leopard geckos
  10 orcs
  4 bats
  2 giant cockroaches
  10 goblins
  10 hobgoblins
  8 jackals
  7 quokkas
  A ball python (D:2)
  7 frilled lizards
  4 kobolds
  A leopard gecko skeleton (D:4)
  A quokka skeleton (D:4)
  5 rats
133 creatures vanquished.

Notes
Turn   | Place    | Note
-------+----------+-------------------------------------------
     0 | D:1      | Jabob the Draconian Fire Elementalist began the quest for
                  | the Orb.
     0 | D:1      | Reached XP level 1. HP: 14/14 MP: 3/3
   468 | D:1      | Reached XP level 2. HP: 18/22 MP: 5/5
  1363 | D:2      | Reached XP level 3. HP: 24/27 MP: 0/6
  2051 | D:2      | Reached XP level 4. HP: 34/34 MP: 3/7
  2111 | D:3      | Reached skill level 4 in Fire Magic
  2250 | D:3      | Reached XP level 5. HP: 36/39 MP: 1/8
  2598 | D:3      | Noticed Jessica
  2605 | D:3      | Killed Jessica
  3063 | D:3      | Reached skill level 5 in Fire Magic
  3285 | D:4      | Reached XP level 6. HP: 46/46 MP: 1/9
  3591 | D:4      | Found a staircase to the Ecumenical Temple.
  3619 | D:4      | Learned a level 2 spell: Throw Flame
  3627 | D:4      | Learned a level 3 spell: Conjure Flame
  3866 | D:4      | Got a scorched hand axe
  3885 | D:4      | Identified the +0 hand axe of Makhleb's Indignation
                  | {antimagic, rC+++ Str-3 Dex+5 Stlth-} (You found it on
                  | level 4 of the Dungeon)
  4176 | D:4      | Noticed Natasha
  4181 | D:4      | Killed Natasha
  4255 | D:5      | Entered Level 5 of the Dungeon
  4257 | D:5      | Noticed Menkaure
  4265 | D:5      | Killed Menkaure
  4265 | D:5      | Reached skill level 5 in Conjurations
  4265 | D:5      | Reached skill level 6 in Fire Magic
  4265 | D:5      | Your scales start taking on a lurid green colour.
  4265 | D:5      | Reached XP level 7. HP: 15/51 MP: 0/10
  4265 | D:5      | Gained mutation: Your system is resistant to poisons.
                  | (rPois) [Green Draconian growth]
  4817 | D:5      | Found an opulent altar of Gozag.
  5244 | D:5      | Found a runed translucent door.
  5249 | D:5      | Noticed Gunnerkreig's ghost (amateur OpWz)
  5337 | D:5      | Found an iron altar of Okawaru.
  5553 | D:5      | Reached skill level 7 in Fire Magic
  5633 | D:5      | Reached XP level 8. HP: 43/58 MP: 6/11
  6405 | D:6      | Found a bloodstained altar of Trog.
  6426 | D:6      | Reached skill level 8 in Fire Magic
  6926 | D:7      | HP: 1/58 [black bear (3)]
  7183 | D:7      | HP: 1/58 [black bear (4)]
  7184 | D:7      | Slain by a centaur

Levels and vault maps discovered:
D:1:      dpeg_arrival_oval, layout_basic, serial_forest,
          infiniplex_forest_clump_long, infiniplex_forest_split,
          infiniplex_forest_clump_double, infiniplex_forest_end_double,
          infiniplex_forest_clump_small, infiniplex_forest_lined_corner
D:2:      layout_rooms
D:3:      layout_loops_ring, uniq_jessica
D:4:      layout_rooms, minmay_temple_entry_glassed_door, first_ration,
          uniq_natasha
D:5:      layout_rooms, marbit_many_paths, ebering_ghost_sewer_d,
          roderic_roman_lattice, okawaru_altar_gauntlet_db, uniq_menkaure
D:6:      layout_basic, kennysheep_mini_moat
D:7:      layout_loops_corners, eino_jars

Skill      XL: |  1  2  3  4  5  6  7  8 |
---------------+-------------------------+-----
Conjurations   | 2 3 4 5 6 7 |  7.8
Fire Magic     | 4 5 6 7 8 |  8.3
Fighting       | |  0.5
Short Blades   | |  0.3
Dodging        | |  1.7
Stealth        | |  1.7
Spellcasting   | |  2.0

Action                   |  1- 3 |  4- 6 |  7- 9 || total
-------------------------+-------+-------+-------++-------
Melee: Short sword       |    57 |       |       ||    57
       Tailslap          |     6 |     8 |    18 ||    32
       Dagger            |    14 |    79 |   140 ||   233
       Hand axe          |       |    13 |       ||    13
 Fire: Hunting sling     |       |    15 |       ||    15
 Cast: Flame Tongue      |    47 |    89 |    77 ||   213
       Throw Flame       |       |     8 |    14 ||    22
       Conjure Flame     |       |       |     2 ||     2
 Abil: Breathe Noxious F |       |       |     6 ||     6
Evoke: Wand              |       |       |     1 ||     1
  Use: Scroll            |     3 |     1 |       ||     4
       Potion            |       |       |     1 ||     1
 Stab: Sleeping          |     1 |       |     2 ||     3
  Eat: Chunk             |     4 |     9 |    12 ||    25
Armor: Skin              |    31 |    44 |    70 ||   145
Dodge: Dodged            |    75 |    83 |   131 ||   289

Table legend:
 A = Non-vault XP
 B = Vault XP
 C = Vault XP percentage of total XP
 D = Non-vault monster count
 E = Vault monster count
 F = Vault count percentage of total count
                 A         B        C        D         E       F
            +---------+---------+-------+---------+---------+-------
      Total |    2063 |     261 |  11.2 |     123 |      10 |   7.5
            +---------+---------+-------+---------+---------+-------
        D:1 |      28 |       0 |   0.0 |      15 |       0 |   0.0
        D:2 |      84 |       0 |   0.0 |      24 |       0 |   0.0
        D:3 |     184 |      37 |  16.7 |      27 |       1 |   3.6
        D:4 |     285 |      36 |  11.2 |      20 |       1 |   4.8
        D:5 |     506 |     188 |  27.1 |      14 |       8 |  36.4
        D:6 |     729 |       0 |   0.0 |      12 |       0 |   0.0
        D:7 |     247 |       0 |   0.0 |      11 |       0 |   0.0
            +---------+---------+-------+---------+---------+-------
